 Dungeon Crawl Stone Soup version 0.29-a0-653-gd47aff6735 (webtiles) character file.

Game seed: 10599848432315580840

156 zeratav the Shooter (level 5, 0/25 HPs)
             Began as a Spriggan Arcane Marksman on June 22, 2022.
             Was an Initiate of Dithmenos.
             Slain by a scorpion (6 damage)
             ... on level 4 of the Dungeon.
             The game lasted 00:04:28 (3723 turns).

zeratav the Shooter (Spriggan Arcane Marksman)      Turns: 3723, Time: 00:04:28

Health: 0/25       AC:  2    Str:  6    XL:     5   Next: 14%
Magic:  8/8        EV: 18    Int: 14    God:    Dithmenos [......]
Gold:   182        SH:  0    Dex: 24    Spells: 5/6 levels left

rFire   . . .      SeeInvis +   a - +0 shortbow {bow}
rCold   . . .      Faith    .   (shield currently unavailable)
rNeg    . . .      Spirit   .   b - +0 robe
rPois   .          Reflect  .   (helmet restricted)
rElec   .          Harm     .   (no cloak)
rCorr   .          Rampage  .   (gloves unavailable)
Will    .....                   (boots unavailable)
Stlth   ++........              (no amulet)
HPRegen 0.08/turn               d - +6 ring of dexterity
MPRegen 0.11/turn               (no ring)

@: lethally poisoned (0 -> -11), flying, very quick
A: very small, no large weapons, unfitting armour, see invisible, speed 3
a: Renounce Religion


You were on level 4 of the Dungeon.
You worshipped Dithmenos.
Dithmenos was noncommittal.
You visited 2 branches of the dungeon, and saw 5 of its levels.

You collected 182 gold pieces.


Innate Abilities, Weirdness & Mutations

You are very small and have problems with some larger weapons.
You are too small for most types of armour.
You have supernaturally acute eyesight. (SInv)
You cover ground extremely quickly. (Speed+++)


   Skills:
 - Level 0.7 Fighting
 + Level 6.5 Bows
 - Level 2.6 Dodging
 - Level 1.3 Spellcasting
 - Level 3.6 Hexes


You had 5 spell levels left.
You knew the following spells:

 Your Spells              Type           Power      Damage    Failure   Level
a - Slow                  Hex            44%        N/A       6%          1

Your spell library contained the following spells:

 Spells                   Type           Power      Damage    Failure   Level
 Shock                    Conj/Air       0%         1d3       26%         1
 Inner Flame              Hex/Fire       6%         N/A       36%         3
 Portal Projectile        Hex/Tloc       12%        N/A       36%         3
 Cause Fear               Hex            5%         N/A       50%         4
 Swiftness                Air            0%         N/A       58%         3
 Airstrike                Air            0%         N/A       94%         4

Inventory:

Hand Weapons
 a - a +0 shortbow (weapon) {bow}
Armour
 b - a +0 robe (worn)
Jewellery
 d - a +6 ring of dexterity (left hand)
   (You found it on level 1 of the Dungeon)
 f - a ring of wizardry
   (You found it on level 1 of the Dungeon)
Scrolls
 c - a scroll of vulnerability {!r!r}
 e - 5 scrolls of identify {unknown}
 h - 2 scrolls of immolation {unknown}
 j - 3 scrolls of enchant weapon {unknown}
 l - a scroll of magic mapping {unknown}
 m - a scroll of teleportation {unknown}
 q - 2 scrolls of noise {unknown}
 s - a scroll of silence {unknown}
 t - a scroll of enchant armour {unknown}
 u - 3 scrolls of fog {unknown}
 v - a scroll of brand weapon {unknown}
Potions
 g - a potion of heal wounds {unknown}
 i - a potion of ambrosia {unknown}
 k - a potion of lignification {unknown}
 n - a potion of flight
 o - a potion of mutation {unknown}
 p - a potion of brilliance {unknown}
 r - a potion of attraction {unknown}

Dungeon Overview and Level Annotations

Branches:
Dungeon (4/15) Zot: 21305  Temple (1/1) D:4 Zot: 5909

Altars:
Cheibriados
Dithmenos
Elyvilon
Fedhas
Gozag
Hepliaklqana
Kikubaaqudgha
Makhleb
Nemelex Xobeh
Qazlal
Sif Muna
Uskayaw
Vehumet
Wu Jian
Xom
Yredelemnul
Zin
The Shining One

#. ...#######........ #.
........#........
####.######......#...##...
..........#......#...##'##
..........#......'........
..........#......#........
..........#......#...####'
##'###......#...#....
######..s@...#########....
.............# .......
.............# ........
.............# #.........
...........### #.....####
...........# #.....#...
...........# #.....#...
######.....# #.....#...
#.....# +[....#...


You could see a scorpion.


Message History

Found a blossoming altar of Fedhas.
There is a fountain of sparkling water here.
Found a glowing silver altar of Zin.
There is a glowing silver altar of Zin here.
There is a white marble altar of Elyvilon here.
Key pressed, stopping explore.
Found an ornate altar of the Wu Jian Council.
Found two altars.
Found a hide-covered altar of Uskayaw.
Found a shimmering blue altar of Sif Muna.
Found a snail-covered altar of Cheibriados.
Found a burning altar of Makhleb.
There is a fountain of sparkling water here.
Found an ancient bone altar of Kikubaaqudgha.
There is an ancient bone altar of Kikubaaqudgha here.
There is a snail-covered altar of Cheibriados here.
Key pressed, stopping explore.
Done exploring.
Done exploring.
Done exploring.
Done exploring.
Done exploring.
Done exploring.
Done exploring.
Done exploring.
Done exploring.
Search for what [? for help]? dith
There is a glowing golden altar of the Shining One here.
There is a shadowy altar of Dithmenos here.
You kneel at the altar of Dithmenos.
Dithmenos welcomes you!
(D) Dungeon (T) Temple
Where to? (Enter - Temple @ (x,y), ? - help)
There is an ornate altar of the Wu Jian Council here.
There is a staircase back to the Dungeon here.
You climb upwards.
Welcome back to the Dungeon!
There is a staircase to the Ecumenical Temple here.
You open the door.
There is an open door here.
You open the door.
There is an open door here.
As you open the door, it creaks loudly!
There is an open door here.
A hobgoblin comes into view.
You shoot an arrow. The arrow hits the hobgoblin!
You kill the hobgoblin!
Dithmenos accepts your kill.
No target in view!
No target in view!
No target in view!
A scorpion comes into view.
There is an open door here.
You shoot an arrow. The arrow hits the scorpion!
You shoot an arrow. The arrow closely misses the scorpion.
You shoot an arrow.
The arrow hits the scorpion but does no damage.
The scorpion misses you.
You shoot an arrow.
The arrow hits the scorpion but does no damage.
The scorpion closely misses you.
You shoot an arrow. The arrow hits the scorpion.
The scorpion closely misses you. x2
You shoot an arrow. The arrow hits the scorpion.
The scorpion closely misses you.
You shoot an arrow. The arrow barely misses the scorpion.
The scorpion misses you. The scorpion stings you.
You are poisoned.
The scorpion poisons you!
HP[-4]
You take 4 damage, and now have 21/25 hp.
You shoot an arrow. The arrow hits the scorpion.
You feel sick. The scorpion closely misses you.
HP[-2]
You take 2 damage, and now have 19/25 hp.
Shoot: a) +0 shortbow {bow}
Press: ? - help, Q - select action, (/) - cycle Shift-Dir - straight line, f/p - scorpion
Aim: a scorpion (almost dead, 67% to hit)
You shoot an arrow.
The arrow hits the scorpion but does no damage.
You feel sick. The scorpion stings you.
You are lethally poisoned!
The scorpion poisons you!
HP[-6]
You take 6 damage, and now have 13/25 hp.
MASSIVE DAMAGE!! (PAUSE)
* * * LOW HITPOINT WARNING * * *
You feel sick.
HP[-2]
You take 2 damage, and now have 11/25 hp.
* * * LOW HITPOINT WARNING * * *
You feel sick.
HP[-2]
You take 2 damage, and now have 9/25 hp.
It was a potion of flight.
You feel very buoyant.
You fly up into the air.
* * * LOW HITPOINT WARNING * * *
You feel very sick. The scorpion stings you.
You die...

Skill      XL: |  1  2  3  4 |
---------------+-------------+-----
Bows           | 3 4 5 6 |  6.5
Fighting       | |  0.7
Dodging        | |  2.6
Spellcasting   | |  1.3
Hexes          | |  3.6

Action                   |  1- 3 |  4- 6 || total
-------------------------+-------+-------++-------
 Fire: Shortbow          |   143 |    80 ||   223
 Cast: Slow              |     3 |       ||     3
  Use: Potion            |       |     1 ||     1
Armor: Robe              |     6 |       ||     6
Dodge: Dodged            |    43 |    22 ||    65

Levels and vault maps discovered:
D:1:      heliophobic_arrival_henge, layout_basic
D:2:      layout_loops_ring, basic_altar, hellmonk_ecumenical_altar_arch_garden
D:3:      wad_river_or_something, layout_loops_ring,
          nicolae_hepliaklqana_monster_ancestors, minmay_distorted
D:4:      layout_gridville, general_overflow_altar, minmay_temple_entry_junction
Temple:   regret_index_temple_sphere_string

Notes
Turn   | Place    | Note
-------+----------+-------------------------------------------
     0 | D:1      | zeratav the Spriggan Arcane Marksman began the quest for
                  | the Orb.
     0 | D:1      | Reached XP level 1. HP: 9/9 MP: 3/3
     0 | D:1      | magus.rc [v1.9.6]
   150 | D:1      | Reached skill level 3 in Bows
   357 | D:1      | Reached XP level 2. HP: 14/14 MP: 5/5
   718 | D:1      | Reached skill level 4 in Bows
   954 | D:1      | Reached XP level 3. HP: 15/17 MP: 6/6
  1221 | D:2      | Found a faded altar of an unknown god.
  1267 | D:2      | HP: 3/17 [rat (2)]
  1569 | D:2      | Found a radiant altar of Vehumet.
  2049 | D:2      | You pick up a book of Air and begin reading...
  2049 | D:2      | You add the spells Shock, Swiftness and Airstrike to your
                  | library.
  2065 | D:2      | Reached skill level 5 in Bows
  2261 | D:3      | Reached XP level 4. HP: 21/21 MP: 7/7
  2333 | D:3      | HP: 2/21 [gnoll/+0 whip (7)]
  2680 | D:3      | Reached skill level 6 in Bows
  2918 | D:3      | Found a hazy altar of Hepliaklqana.
  3097 | D:3      | Reached XP level 5. HP: 25/25 MP: 8/8
  3499 | D:4      | Found a staircase to the Ecumenical Temple.
  3507 | Temple   | Entered the Ecumenical Temple
  3643 | Temple   | Became a worshipper of Dithmenos the Shadowed
  3723 | D:4      | HP: 6/25 [poisoned by a scorpion]
  3723 | D:4      | Slain by a scorpion

Vanquished Creatures
  4 gnolls (D:3)
  2 adders (D:3)
  2 dart slugs
  2 orcs (D:3)
  7 endoplasms
  5 giant cockroaches
  4 goblins
  11 hobgoblins
  6 jackals
  7 kobolds
  5 quokkas
  8 ball pythons
  11 bats
  2 frilled lizards
  9 rats
  A spectral hobgoblin (D:3)
86 creatures vanquished.

Table legend:
 A = Non-vault XP
 B = Vault XP
 C = Vault XP percentage of total XP
 D = Non-vault monster count
 E = Vault monster count
 F = Vault count percentage of total count
                 A         B        C        D         E       F
            +---------+---------+-------+---------+---------+-------
      Total |     198 |      25 |  11.2 |      74 |      12 |  14.0
            +---------+---------+-------+---------+---------+-------
        D:1 |      44 |       0 |   0.0 |      26 |       0 |   0.0
        D:2 |      42 |       0 |   0.0 |      26 |       0 |   0.0
        D:3 |     107 |      25 |  18.9 |      19 |      12 |  38.7
        D:4 |       5 |       0 |   0.0 |       3 |       0 |   0.0
            +---------+---------+-------+---------+---------+-------

Illustrated notes

Table legend:
 A = Kills in this place as a percentage of kills in entire the game.
 B = Kills by you in this place as a percentage of kills by you in the entire game.
 C = Kills by friends in this place as a percentage of kills by friends in the entire game.
 D = Other kills in this place as a percentage of other kills in the entire game.
 E = Experience gained in this place as a percentage of experience gained in the entire game.
 F = Experience gained in this place divided by the number of levels of this place that you have seen.
                   A       B       C       D       E      F
               +-------+-------+-------+-------+-------+----------------------
         Total | 100.0 | 100.0 |   N/A |   N/A | 100.0 |  44.6
       Dungeon | 100.0 | 100.0 |   N/A |   N/A | 100.0 |  55.8
               +-------+-------+-------+-------+-------+----------------------

Table legend: (Time is in decaauts)
 A = Elapsed time spent in this place.
 B = Non-inter-level travel time spent in this place.
 C = Inter-level travel time spent in this place.
 D = Time resting spent in this place.
 E = Time spent auto-exploring this place.
 F = Levels seen in this place.
 G = Mean time per level.
                   A        B        C        D        E       F      G
               +--------+--------+--------+--------+--------+-----+--------+
         Total |   2784 |   2698 |     86 |    525 |   1752 |   5 |  556.8 |
       Dungeon |   2693 |   2620 |     73 |    525 |   1684 |   4 |  673.2 |
        Temple |     91 |     78 |     13 |      0 |     68 |   1 |   91.0 |
               +--------+--------+--------+--------+--------+-----+--------+

Top non-repeatable levels by time:
     D:3: 885 daAuts
     D:1: 863 daAuts
     D:2: 847 daAuts
     D:4: 97 daAuts
  Temple: 91 daAuts
